 Dungeon Crawl Stone Soup version 0.24-a0-496-gbe733cd003 (webtiles) character file.

Game seed: 17093147918473989275

837 Gynju the Conjurer (level 7, -8/50 HPs)
             Began as a Green Draconian Conjurer on July 12, 2019.
             Was an Initiate of Vehumet.
             Mangled by Duvessa
             ... wielding a +0 rapier
              (9 damage)
             ... on level 6 of the Dungeon on July 13, 2019.
             The game lasted 00:08:43 (6353 turns).

Gynju the Conjurer (Green Draconian Conjurer)       Turns: 6353, Time: 00:08:44

Health: -8/50      AC:  6    Str: 10    XL:     7   Next: 66%
Magic:  2/14       EV: 11    Int: 18    God:    Vehumet [......]
Gold:   339        SH:  4    Dex: 11    Spells: 15/16 levels left

rFire    . . .     SeeInvis .   e - +0 hand axe (flame)
rCold    . . .     Gourm    .   l - +0 buckler
rNeg     . . .     Faith    .   (armour unavailable)
rPois    +         Spirit   .   (helmet restricted)
rElec    .         Reflect  .   (no cloak)
rCorr    .         Harm     .   (no gloves)
MR       .....                  (no boots)
Stlth    ++........             (no amulet)
HPRegen  0.16/turn              (no ring)
MPRegen  0.14/turn              (no ring)

@: lightly drained
A: breathe noxious fumes, unfitting armour, poison resistance, cold-blooded, AC
+6
a: Breathe Noxious Fumes, Renounce Religion


You were on level 6 of the Dungeon.
You worshipped Vehumet.
Vehumet was noncommittal.
You were not hungry.

You visited 2 branches of the dungeon, and saw 7 of its levels.

You collected 339 gold pieces.

Inventory:

Hand Weapons
 e - a +0 hand axe of flaming (weapon)
Missiles
 c - 104 stones (quivered)
Armour
 l - a +0 buckler (worn)
Wands
 s - a wand of paralysis (12)
Scrolls
 a - a scroll of fear {unknown}
 d - 2 scrolls of identify {unknown}
 f - 3 scrolls of teleportation {unknown}
 g - a scroll of blinking {unknown}
 n - a scroll of amnesia {unknown}
 p - a scroll of immolation {unknown}
 r - a scroll of random uselessness {unknown}
 t - a scroll of remove curse {unknown}
Potions
 h - a potion of agility {unknown}
 i - 2 potions of haste {unknown}
 j - 2 potions of resistance {unknown}
 k - a potion of lignification {unknown}
 m - 2 potions of curing {unknown}
 o - a potion of magic {unknown}
 q - a potion of cancellation {unknown}
Comestibles
 b - 6 rations
 u - 2 chunks of flesh


   Skills:
 - Level 1.7(1.2) Dodging
 - Level 1.7(1.2) Stealth
 + Level 3.8(3.2) Shields
 - Level 5.0(4.4) Spellcasting
 + Level 7.0(6.4) Conjurations


You had 15 spell levels left.
You knew the following spells:

 Your Spells              Type           Power        Failure   Level  Hunger
a - Magic Dart            Conj           ####         1%          1    None

Your spell library contained the following spells:

 Spells                   Type           Power        Failure   Level  Hunger
 Searing Ray              Conj           ####..       1%          2    #......
 Iskenderun's Mystic Bla  Conj           ####....     11%         4    ####...
 Dazzling Spray           Conj/Hex       ###...       12%         3    ###....
 Force Lance              Conj/Tloc      ###.....     36%         4    ####...
 Fulminant Prism          Conj/Hex       ###.......   36%         4    ####...


Dungeon Overview and Level Annotations

Branches:
Dungeon (6/15)             Temple (1/1) D:4

Altars:
Ashenzari
Cheibriados
Dithmenos
Elyvilon
Fedhas
Gozag
Hepliaklqana
Kikubaaqudgha
Makhleb
Nemelex Xobeh
Okawaru
Qazlal
Sif Muna
Uskayaw
Vehumet
Wu Jian
Xom
Zin
The Shining One

Annotations:
D:4 exclusion: ogre
D:6 Duvessa


Innate Abilities, Weirdness & Mutations

You can breathe blasts of noxious fumes.
Your lurid green scales are hard. (AC +6)
You cannot fit into any form of body armour.
Your system is resistant to poisons. (rPois)
You are cold-blooded and may be slowed by cold attacks.


Message History

You barely miss Duvessa.
Duvessa is moderately wounded.
Duvessa hits you with a +0 rapier.
* * * LOW HITPOINT WARNING * * *
You hit Duvessa. You burn Duvessa. You tail-slap Duvessa.
Duvessa is heavily wounded.
Duvessa misses you.
You hit Duvessa. You burn Duvessa.
Duvessa is severely wounded.
You completely miss Duvessa.
Duvessa is severely wounded.
Duvessa looks more energetic.
Duvessa hits you with a +0 rapier!
* * * LOW HITPOINT WARNING * * *
You barely miss Duvessa.
Duvessa is severely wounded.
You block Duvessa's attack.
You hit Duvessa. You burn Duvessa.
Duvessa is almost dead.
Duvessa barely misses you. Duvessa hits you with a +0 rapier!
You die...

#............#.#
#........##....#
#...........[###
#.<......###.#####
########## #.[...#
#####.# #[# #e#
#@# ###


You could see Duvessa.

Vanquished Creatures
  A bullfrog (D:6)
  Blork the orc (D:5)
  Dowan (D:6)
  A scorpion (D:6)
  4 wights (D:6)
  5 orc wizards
  2 bullfrog zombies
  An orc priest (D:5)
  Jessica (D:2)
  A centaur skeleton (D:4)
  2 worker ants
  4 adders
  An ooze (D:1)
  2 worms (D:2)
  2 dart slugs (D:1)
  3 leopard geckos
  10 orcs
  8 bats
  5 giant cockroaches
  6 goblins
  4 hobgoblins
  3 quokkas
  A ball python (D:1)
  3 frilled lizards
  3 kobolds (D:1)
  2 rats
77 creatures vanquished.

Notes
Turn   | Place    | Note
-------+----------+-------------------------------------------
     0 | D:1      | Gynju the Draconian Conjurer began the quest for the Orb.
     0 | D:1      | Reached XP level 1. HP: 14/14 MP: 3/3
     0 | D:1      | Upgraded the game from 0.24-a0-493-g7e4ddcd485 to
                  | 0.24-a0-496-gbe733cd003
   173 | D:1      | Reached XP level 2. HP: 12/20 MP: 1/5
  1099 | D:1      | Reached XP level 3. HP: 25/26 MP: 1/7
  1551 | D:2      | Found an ornate altar of the Wu Jian Council.
  1774 | D:2      | Noticed Jessica
  1781 | D:2      | Killed Jessica
  1781 | D:2      | Reached XP level 4. HP: 27/33 MP: 0/8
  2345 | D:3      | Reached skill level 5 in Conjurations
  2722 | D:3      | Reached XP level 5. HP: 28/38 MP: 3/10
  2961 | D:3      | Found an ancient bone altar of Kikubaaqudgha.
  3699 | D:4      | Noticed an ogre
  3755 | D:4      | Found a staircase to the Ecumenical Temple.
  3775 | Temple   | Entered the Ecumenical Temple
  4032 | Temple   | Became a worshipper of Vehumet
  4102 | D:4      | Found a shattered altar of Ashenzari.
  4415 | D:5      | Entered Level 5 of the Dungeon
  4483 | D:5      | Reached XP level 6. HP: 40/45 MP: 3/12
  4673 | D:5      | Noticed Blork the orc
  4687 | D:5      | Killed Blork the orc
  4687 | D:5      | Reached skill level 1 in Shields
  4933 | D:5      | Reached skill level 6 in Conjurations
  5233 | D:5      | Found a hide-covered altar of Uskayaw.
  5233 | D:5      | Found a snail-covered altar of Cheibriados.
  5739 | D:6      | Your scales start taking on a lurid green colour.
  5739 | D:6      | Reached XP level 7. HP: 18/50 MP: 1/14
  5739 | D:6      | Gained mutation: Your system is resistant to poisons.
                  | (rPois) [Green Draconian growth]
  5943 | D:6      | Reached skill level 5 in Spellcasting
  6137 | D:6      | Noticed Dowan
  6139 | D:6      | Noticed Duvessa
  6212 | D:6      | Killed Dowan
  6321 | D:6      | Reached skill level 7 in Conjurations
  6351 | D:6      | HP: 1/50 [Duvessa/+0 rapier (7)]
  6353 | D:6      | Mangled by Duvessa

Levels and vault maps discovered:
D:1:      sevenhm_arrival_forest_fort_large_2, layout_loops_ring
D:2:      layout_basic, nicolae_overflow_crystal_walls, uniq_jessica
D:3:      layout_basic, kiku_gazebo_pond_becter, serial_bayou_crossing
D:4:      layout_basic, cheibrodos_ashenzari_chains,
          minmay_temple_entry_butterflies, nicolae_ossuary_entry_monument
D:5:      layout_basic, gammafunk_temple_overflow_wave, first_ration,
          uniq_blork_the_orc
D:6:      layout_basic, serial_shops, shop, bloody_trog, uniq_duvessa
Temple:   jpeg_temple_clearing

Skill      XL: |  1  2  3  4  5  6  7 |
---------------+----------------------+-----
Spellcasting   | 3 4 5 |  5.0
Conjurations   | 5 6 7 |  7.0
Shields        | 2 3 |  3.8
Dodging        | |  1.7
Stealth        | |  1.7

Action                   |  1- 3 |  4- 6 |  7- 9 || total
-------------------------+-------+-------+-------++-------
Melee: Whip              |    30 |       |       ||    30
       Tailslap          |     2 |     3 |     1 ||     6
       Hand axe          |     1 |    15 |     8 ||    24
 Cast: Magic Dart        |    58 |   163 |    58 ||   279
  Eat: Chunk             |     3 |     7 |       ||    10
       Ration            |       |     1 |     1 ||     2
Armor: Skin              |    20 |     8 |     6 ||    34
Dodge: Dodged            |    31 |    44 |    26 ||   101
Block: Buckler           |       |     8 |     7 ||    15

Table legend:
 A = Non-vault XP
 B = Vault XP
 C = Vault XP percentage of total XP
 D = Non-vault monster count
 E = Vault monster count
 F = Vault count percentage of total count
                 A         B        C        D         E       F
            +---------+---------+-------+---------+---------+-------
      Total |    1002 |     194 |  16.2 |      74 |       3 |   3.9
            +---------+---------+-------+---------+---------+-------
        D:1 |      46 |       0 |   0.0 |      23 |       0 |   0.0
        D:2 |      33 |      37 |  52.9 |       8 |       1 |  11.1
        D:3 |     158 |       0 |   0.0 |      21 |       0 |   0.0
        D:4 |      80 |       0 |   0.0 |       6 |       0 |   0.0
        D:5 |     164 |      90 |  35.4 |       6 |       1 |  14.3
        D:6 |     521 |      67 |  11.4 |      10 |       1 |   9.1
            +---------+---------+-------+---------+---------+-------
